 Dungeon Crawl Stone Soup version 0.30-a0-218-gedb9141078 (webtiles) character file.

Game seed: 7784922879876428246

145 themarg the Ruffian (level 5, -2/50 HPs)
             Began as a Troll Fighter on Oct 5, 2022.
             Was a Believer of Fedhas.
             Killed from afar by a steam dragon (7 damage)
             ... with a ball of steam
             ... on level 4 of the Dungeon.
             The game lasted 00:06:46 (2292 turns).

themarg the Ruffian (Troll Fighter)                 Turns: 2292, Time: 00:06:47

Health: -2/50      AC: -4    Str: 26    XL:     5   Next: 6%
Magic:  4/4        EV:  8    Int:  4    God:    Fedhas [**....]
Gold:   158        SH:  7    Dex:  9    Spells: 4/4 levels left

rFire   . . .      SeeInvis +      - Unarmed
rCold   . . .      Faith    .    b - +0 kite shield
rNeg    . . .      Spirit   .    a - +0 robe
rPois   .          Reflect  .    (helmet restricted)
rElec   .          Harm     .    (no cloak)
rCorr   .          Rampage  .    (gloves unavailable)
Will    .....                    (boots unavailable)
Stlth   +.........               (no amulet)
HPRegen 1.08/turn                f - ring of see invisible
MPRegen 0.09/turn                (no ring)

@: mighty, corroded
A: large, unfitting armour, claws 3, regeneration 1, shaggy fur 1, tough skin 1
a: Renounce Religion, Wall of Briars


You were on level 4 of the Dungeon.
You worshipped Fedhas.
Fedhas was pleased with you.
You visited 1 branch of the dungeon, and saw 4 of its levels.

You collected 158 gold pieces.

Inventory:

Armour
 a - a +0 robe (worn)
 b - a +0 kite shield (worn)
Jewellery
 f - a ring of see invisible (left claw)
Scrolls
 d - a scroll of summoning {unknown}
 g - a scroll of silence {unknown}
 i - a scroll of fog {unknown}
 m - a scroll of poison {unknown}
 n - 2 scrolls of blinking {unknown}
 o - a scroll of amnesia {unknown}
 q - a scroll of vulnerability {unknown}
 s - a scroll of fear {unknown}
Potions
 e - a potion of resistance
 j - a potion of degeneration
 k - 2 potions of attraction
 l - a potion of haste {unknown}
 p - a potion of lignification {unknown}
 r - a potion of curing {unknown}


   Skills:
 - Level 2.4 Fighting
 - Level 2.4 Dodging
 + Level 3.7 Shields
 * Level 4.4 Unarmed Combat


You had 4 spell levels left.
You didn't know any spells.
Your spell library contained the following spells:

 Spells                   Type           Power      Damage    Failure   Level
 Blink                    Tloc           0%         N/A       90%         2
 Cigotuvi's Dreadful Rot  Necr/Pois/Air  0%         N/A       90%         2
 Momentum Strike          Conj/Tloc      0%         3d8       90%         2
 Poisonous Vapours        Pois/Air       0%         N/A       90%         2
 Lesser Beckoning         Tloc           0%         N/A       99%         3
 Mephitic Cloud           Conj/Pois/Air  0%         N/A       99%         3
 Animate Dead             Necr           0%         N/A       100%        4
 Borgnjor's Vile Clutch   Necr/Erth      0%         N/A       100%        5
 Death Channel            Necr           0%         N/A       100%        6


Dungeon Overview and Level Annotations

Branches:
Dungeon (4/15)
 Temple: D:4-7

Altars:
Ashenzari
Fedhas
Kikubaaqudgha
Uskayaw

Annotations:
D:3 3 runed translucent doors, KennySheep's ghost, amateur DjHW
D:4 Pikel


Innate Abilities, Weirdness & Mutations

You are too large for most types of armour.
You have claws for hands.
Your natural rate of healing is unusually fast.
You are covered in fur. (AC +1)
You have tough skin. (AC +1)


Message History

You see here a +0 club.
KennySheep's ghost says, "Foolish people, craving for loot."
There is a stone staircase leading down here.
You climb downwards.
Level annotation: Pikel
There is a stone staircase leading up here.
There is a stone staircase leading up here.
A jelly comes into view.
The steam dragon hisses angrily.
The jelly quivers.
You claw the jelly! The acid corrodes you!
Your claws burn!
The jelly is severely wounded.
The jelly hits you. The acid corrodes you!
You are splashed with acid!
You scratch the jelly but do no damage.
Your claws burn!
The jelly is severely wounded.
The jelly hits you.
You are splashed with acid!
You scratch the jelly but do no damage.
Your claws burn!
The jelly is severely wounded.
The jelly barely misses you.
You claw the jelly!
You kill the jelly!
Fedhas accepts your kill.
You have reached level 5!
Okay, then.
You feel very mighty all of a sudden.
You closely miss the steam dragon. The steam dragon bites you.
The steam dragon claws you.
You barely miss the steam dragon. The steam dragon bites you!
* * * LOW HITPOINT WARNING * * *
The steam dragon barely misses you. The steam dragon completely misses you.
The steam dragon claws you.
* * * LOW HITPOINT WARNING * * *
You completely miss the steam dragon. You block the steam dragon's attack.
The steam dragon claws you.
* * * LOW HITPOINT WARNING * * *
You scratch the steam dragon but do no damage.
The steam dragon breathes steam at you. The ball of steam hits you!
You die...
Fedhas appreciates your contribution to the ecosystem.

#.#.##.#.#.##.#.#
#.#.##.#.#.##.#.#
#......#........# .
#.#.##.########## ..
#.#.##.###
...######.#......########
..........#..#.#.##.....#
..........#<...#.##.....#
........@D..#..#........#
..)......##...#####>....#
...#####.#.....# #....<#
.o......#.....# #######
..#.#####.....# #.....#
#.D...# ### #......#####
#.. #...5...(# #.#


You could see a steam dragon (catching breath).

Vanquished Creatures
  A lemure (D:4)
  A jelly (D:4)
  A hound (D:4)
  A gnoll (D:1)
  An adder (D:3)
  2 worms (D:2)
  2 dart slugs
  2 orcs (D:3)
  4 endoplasms
  A giant cockroach (D:1)
  7 goblins
  4 hobgoblins
  4 quokkas
  9 ball pythons
  4 bats (D:1)
  5 frilled lizards
  5 kobolds
  3 rats
57 creatures vanquished.

Vanquished Creatures (others)
  9 plants (D:1)
9 creatures vanquished.

Grand Total: 66 creatures vanquished

Notes
Turn   | Place    | Note
-------+----------+-------------------------------------------
     0 | D:1      | themarg the Troll Fighter began the quest for the Orb.
     0 | D:1      | Reached XP level 1. HP: 22/22 MP: 0/0
   336 | D:1      | Found a faded altar of an unknown god.
   344 | D:1      | Prayed at the altar of an unknown god.
   344 | D:1      | Became a worshipper of Fedhas Madash
   344 | D:1      | Reached * piety under Fedhas
   388 | D:1      | Reached XP level 2. HP: 29/29 MP: 1/1
   678 | D:1      | Reached skill level 3 in Unarmed Combat
   678 | D:1      | Reached XP level 3. HP: 17/36 MP: 2/2
  1021 | D:2      | Reached ** piety under Fedhas
  1329 | D:3      | Found a runed translucent gate.
  1329 | D:3      | Found a runed translucent gate.
  1330 | D:3      | Found a runed translucent gate.
  1331 | D:3      | Noticed KennySheep's ghost (amateur DjHW)
  1352 | D:3      | Found a broken altar of Ashenzari.
  1457 | D:3      | Found a hide-covered altar of Uskayaw.
  1613 | D:3      | Reached XP level 4. HP: 44/44 MP: 3/3
  2007 | D:4      | Found an ancient bone altar of Kikubaaqudgha.
  2053 | D:4      | Reached skill level 4 in Unarmed Combat
  2097 | D:4      | Noticed a lemure
  2097 | D:4      | Noticed Pikel
  2123 | D:4      | Killed a lemure
  2212 | D:4      | Noticed a steam dragon
  2288 | D:4      | Reached XP level 5. HP: 23/50 MP: 4/4
  2292 | D:4      | Killed from afar by a steam dragon

Illustrated notes

Levels and vault maps discovered:
D:1:      dpeg_arrival_ternary, layout_basic,
          hellmonk_ecumenical_altar_lost_god, nicolae_grassy_gnolls
D:2:      layout_rooms, kennysheep_generic_room_14
D:3:      layout_loops_cross, eat_drink_and_be_merry_uskayaw, ashenzari_altar_1,
          gammafunk_ghost_split, hex_medium, minmay_shallow_snake_nest
D:4:      layout_loops_cross, led_sif_book, kennysheep_little_box, uniq_pikel

Skill      XL: |  1  2  3  4 |
---------------+-------------+-----
Shields        | 3 |  3.7
Unarmed Combat | 3 4 |  4.4
Fighting       | |  2.4
Dodging        | |  2.4

Action                   |  1- 3 |  4- 6 || total
-------------------------+-------+-------++-------
Melee: Unarmed           |   118 |    52 ||   170
  Use: Scroll            |       |     3 ||     3
       Potion            |       |     1 ||     1
 Stab: Sleeping          |     1 |       ||     1
Armor: Robe              |    23 |    12 ||    35
Dodge: Dodged            |    31 |    21 ||    52
Block: Kite shield       |    35 |    19 ||    54

Table legend: (Time is in decaauts)
 A = Elapsed time spent in this place.
 B = Non-inter-level travel time spent in this place.
 C = Inter-level travel time spent in this place.
 D = Time resting spent in this place.
 E = Time spent auto-exploring this place.
 F = Levels seen in this place.
 G = Mean time per level.
                   A        B        C        D        E       F      G
               +--------+--------+--------+--------+--------+-----+--------+
         Total |   2309 |   2155 |    154 |     36 |   1643 |   4 |  577.2 |
       Dungeon |   2309 |   2155 |    154 |     36 |   1643 |   4 |  577.2 |
               +--------+--------+--------+--------+--------+-----+--------+

Top non-repeatable levels by time:
     D:1: 896 daAuts
     D:3: 686 daAuts
     D:2: 444 daAuts
     D:4: 281 daAuts
